 Dungeon Crawl Stone Soup version 0.30-a0-696-g2367cd04db (webtiles) character file.

Game seed: 7071154122064954708

213 bjtr the Digger (level 5, 0/31 HPs)
             Began as an Octopode Earth Elementalist on Jan 20, 2023.
             Slain by an orc
             ... wielding a +2 war axe of freezing
              (3 damage)
             ... on level 5 of the Dungeon.
             The game lasted 00:10:23 (2838 turns).

bjtr the Digger (Octopode Earth Elementalist)       Turns: 2838, Time: 00:10:24

Health: 0/31       AC:  1    Str:  7    XL:     5   Next: 90%
Magic:  8/10       EV: 12    Int: 20    God:
Gold:   141        SH:  4    Dex: 12    Spells: 5/11 levels left

rFire   . . .      SeeInvis .    t - +2 dagger (speed)
rCold   . . .      Faith    .    s - +0 buckler
rNeg    . . .      Spirit   .    (helmet restricted)
rPois   .          Reflect  .    (no amulet)
rElec   .          Harm     .    (no ring)
rCorr   .          Rampage  .    (no ring)
Will    .....                    (no ring)
Stlth   +++                      (no ring)
HPRegen 0.25/turn                (no ring)
MPRegen 0.12/turn                (no ring)
                                 (no ring)
                                 (no ring)

@: no status effects
A: almost no armour, amphibious, 8 rings, camouflage 1, gelatinous body 1,
(nimble swimmer 1), tentacles
a: no special abilities


You were on level 5 of the Dungeon.
You visited 2 branches of the dungeon, and saw 6 of its levels.

You collected 141 gold pieces.

Inventory:

Hand Weapons
 b - a +0 dagger of venom
 c - a +0 hand axe
 m - a +0 shortbow
 p - a +0 mace
 t - a +2 dagger of speed (weapon)
Missiles
 v - 4 poisoned darts
Armour
 s - a +0 buckler (worn)
Wands
 x - a wand of acid (7)
Scrolls
 d - a scroll of teleportation {unknown}
 e - 3 scrolls of fear {unknown}
 f - a scroll of noise {unknown}
 g - 5 scrolls of identify {unknown}
 j - a scroll of blinking {unknown}
 k - a scroll of brand weapon {unknown}
 n - a scroll of enchant armour {unknown}
 u - a scroll of immolation {unknown}
Potions
 a - a potion of magic
 h - a potion of might {unknown}
 i - a potion of lignification {unknown}
 l - a potion of mutation {unknown}
 o - 2 potions of resistance {unknown}
 q - 3 potions of curing {unknown}
 r - 3 potions of heal wounds {unknown}
 w - a potion of cancellation {unknown}


   Skills:
 + Level 0.1 Fighting
 + Level 2.2 Dodging
 + Level 3.2 Stealth
 * Level 1.4 Shields
 + Level 3.5 Spellcasting
 + Level 0.1 Conjurations
 - Level 1.0 Transmutations
 + Level 4.7 Earth Magic


You had 5 spell levels left.
You knew the following spells:

 Your Spells              Type           Power      Damage    Failure   Level
a - Sandblast             Erth           44%        2d11      2%          1
b - Passwall              Tmut/Erth      12%        N/A       9%          2
c - Stone Arrow           Conj/Erth      26%        3d8       19%         3

Your spell library contained the following spells:

 Spells                   Type           Power      Damage    Failure   Level
 Petrify                  Tmut/Erth      15%        N/A       47%         4


Dungeon Overview and Level Annotations

Branches:
Dungeon (5/15)             Temple (1/1) D:4

Altars:
Cheibriados
Dithmenos
Fedhas
Hepliaklqana
Makhleb
Nemelex Xobeh
Qazlal
Ru
Sif Muna
Trog
Uskayaw
Vehumet
Xom
The Shining One
Ignis

Shops:
D:1 !


Innate Abilities, Weirdness & Mutations

You cannot wear most types of armour.
You are amphibious.
You can wear up to eight rings at the same time.
Your skin changes colour to match your surroundings (Stealth+).
Your rubbery body absorbs attacks. (AC +1, EV +1)
((You are camouflaged when in or above water. (Stealth+)))
You have tentacles for arms and can constrict up to eight enemies at once.


Message History

Aiming: Sandblast (safe; 2% risk of failure)
Press: ? - help, Shift-Dir - straight line, f/p - orc
Aim: an orc, wielding a +2 war axe of freezing and wearing a +0 ring mail (85% to hit)
The blast of sand hits the iguana!
You kill the iguana!
The centaur wields a +0 shortbow.
The centaur shoots an arrow.
You block the arrow.
The orc hits you with a +2 war axe of freezing.
The orc freezes you.
You hit the orc. Your grab misses the orc.
The orc is lightly wounded.
The orc closely misses you.
You hit the orc. You grab the orc.
The orc is heavily wounded.
You constrict the orc, but do no damage.
You hit the orc but do no damage.
The orc is heavily wounded.
You constrict the orc, but do no damage.
The orc barely misses you.
You hit the centaur but do no damage.
You squeeze the centaur, but do no damage.
You constrict the orc, but do no damage.
The centaur unwields a +0 shortbow.
The centaur hits you. The centaur barely misses you.
The orc closely misses you.
You hit the centaur. Your squeeze misses the centaur.
The centaur is lightly wounded.
You constrict the orc, but do no damage.
The centaur hits you. The centaur kicks you.
You hit the centaur but do no damage. You squeeze the centaur!
The centaur is heavily wounded.
You constrict the orc, but do no damage.
The orc hits you with a +2 war axe of freezing!
The orc freezes you.
* * * LOW HITPOINT WARNING * * *
The centaur hits you.
* * * LOW HITPOINT WARNING * * *
The centaur closely misses you.
You release your grip on the orc.
The orc attacks as you move away!
The orc hits you with a +2 war axe of freezing.
You die...

########......#
............#.#. .......
#######.......#.#.......
#..####.#.#.......
#.......#.#.......
#..###.##.#....... #..#
#.##.#.......
#..###.##.#c......
...........@o......
##>......#.######.#
..#.####.#.######. ..
#.......... #<
##..####### .
#............#
########..##.# #.# .#


You could see a centaur and an orc.

Vanquished Creatures
  A scorpion (D:4)
  2 iguanas (D:5)
  5 adders
  An ufetubus (D:4)
  An orc (D:3)
  3 ball pythons
  4 endoplasms
  3 giant cockroaches
  5 goblins
  5 hobgoblins
  7 jackals
  4 kobolds
  A quokka (D:4)
  2 bats (D:2)
  6 frilled lizards
  3 rats
53 creatures vanquished.

Notes
Turn   | Place    | Note
-------+----------+-------------------------------------------
     0 | D:1      | bjtr the Octopode Earth Elementalist began the quest for
                  | the Orb.
     0 | D:1      | Reached XP level 1. HP: 11/11 MP: 3/3
   162 | D:1      | Reached XP level 2. HP: 17/17 MP: 3/5
   193 | D:1      | Found Egyamma's Distillery.
   830 | D:2      | Found a hide-covered altar of Uskayaw.
   990 | D:2      | Reached XP level 3. HP: 21/21 MP: 1/6
  1109 | D:2      | Learned a level 2 spell: Passwall
  1113 | D:2      | Learned a level 3 spell: Stone Arrow
  1318 | D:2      | Reached XP level 4. HP: 27/27 MP: 6/8
  1723 | D:3      | Found a burning altar of Makhleb.
  1757 | D:3      | Reached skill level 4 in Earth Magic
  1980 | D:4      | Found a staircase to the Ecumenical Temple.
  2003 | Temple   | Entered the Ecumenical Temple
  2226 | D:4      | Found a sparkling altar of Nemelex Xobeh.
  2283 | D:4      | Noticed a scorpion
  2289 | D:4      | Killed a scorpion
  2290 | D:4      | Reached skill level 1 in Shields
  2290 | D:4      | Reached XP level 5. HP: 15/31 MP: 0/10
  2684 | D:5      | Entered Level 5 of the Dungeon
  2828 | D:5      | Noticed a centaur
  2838 | D:5      | Slain by an orc

Illustrated notes

Levels and vault maps discovered:
D:1:      amcnicky_arrival_blooded_trapdoor, layout_loops_ring, serial_shops,
          shop, minmay_misc_feat_rows, chequers_serial_rivers_room_a,
          nrook_uturn, kennysheep_another_room
D:2:      layout_loops_ring, basic_altar, hangedman_decor_lopped
D:3:      layout_rooms, mainiacjoe_overflow_brackets
D:4:      layout_cave_pools, nemelex_diamond_rough_becter,
          minmay_temple_entry_stoned_glass
D:5:      layout_basic, lemuel_coloured_pillars_altar,
          nicolae_overflow_two_pavilions, hangedman_decor_points
Temple:   ebering_untended_altars

Skill      XL: |  1  2  3  4 |
---------------+-------------+-----
Stealth        | 3 |  3.2
Spellcasting   | 3 |  3.5
Earth Magic    | 4 |  4.7
Shields        | 1 |  1.4
Fighting       | |  0.1
Dodging        | |  2.2
Conjurations   | |  0.1
Transmutations | |  1.0

Action                   |  1- 3 |  4- 6 || total
-------------------------+-------+-------++-------
Melee: Dagger            |     2 |    14 ||    16
       Tentacles         |     1 |     5 ||     6
       Constrict         |       |     6 ||     6
       Punch             |       |     1 ||     1
 Cast: Sandblast         |    38 |    34 ||    72
       Stone Arrow       |       |     1 ||     1
Dodge: Dodged            |    10 |    18 ||    28
Block: Buckler           |       |     2 ||     2

Table legend: (Time is in decaauts)
 A = Elapsed time spent in this place.
 B = Non-inter-level travel time spent in this place.
 C = Inter-level travel time spent in this place.
 D = Time resting spent in this place.
 E = Time spent auto-exploring this place.
 F = Levels seen in this place.
 G = Mean time per level.
                   A        B        C        D        E       F      G
               +--------+--------+--------+--------+--------+-----+--------+
         Total |   2869 |   2803 |     66 |    303 |   1960 |   6 |  478.2 |
       Dungeon |   2709 |   2643 |     66 |    303 |   1885 |   5 |  541.8 |
        Temple |    159 |    159 |      0 |      0 |     75 |   1 |  159.0 |
               +--------+--------+--------+--------+--------+-----+--------+

Top non-repeatable levels by time:
     D:2: 839 daAuts
     D:1: 746 daAuts
     D:4: 562 daAuts
     D:3: 406 daAuts
  Temple: 159 daAuts
     D:5: 155 daAuts
